[Event "*** Titled Tuesday Blitz"]
[Site "Chess.com"]
[Date "2021.02.09"]
[Round "6"]
[White "KaterinaMiroshnik"]
[Black "Rsnr"]
[Result "0-1"]
[WhiteElo "2614"]
[BlackElo "2764"]
[TimeControl "180+1"]
[EndTime "11:09:05 PST"]
[Termination "Rsnr won by resignation"]

1. d3 g6 2. Nd2 Bg7 3. Ngf3 d5 4. e4 Nf6 5. Be2 O-O 6. O-O c5 7. c3 Nc6 8. Re1 h6 9. Qc2 e5 10. Nf1 Be6 11. Bd2 Rc8 12. Rad1 Re8 13. b3 Qc7 14. h3 a6 15. N1h2 b5 16. Nf1 b4 17.
c4 dxe4 18. dxe4 Nd4 19. Nxd4 exd4 20. f4 a5 21. Bd3 a4 22. Nh2 axb3 23. axb3 Ra8 24. e5 Nd7 25. Bxg6 fxg6 26. Qxg6 Bf7 27. Qg4 Kh8 28. Nf3 Ra2 29. Nh4 Qc6 30. Nf5 Qg6 31. Qxg6 Bxg6 32. Nd6 Rd8 33. g4 Bc2 34. Ra1 Bxb3 35. Nf7+ Kg8 36. Nxd8 Bxc4 37. e6 Nf6 38. e7 Ne8 39. Nb7 d3 40. Rxa2 Bxa2 41. Nxc5 Bd4+ 42. Kg2 Bxc5 43. Rc1 Bd5+ 44. Kf1 Bxe7 45.
Rc8 Kf7 46. Rb8 b3 47. Rb5 Bc4 48. Rb6 Nd6 49. f5 Ne4 50. Ke1 Nxd2 51. Kxd2 Bg5+ 52.
Kd1 d2 53. Rb4 Bd5 54. Ke2 Bf3+ 0-1

[Event "*** Titled Tuesday Blitz"]
[Site "Chess.com"]
[Date "2021.02.09"]
[Round "6"]
[White "PavelShkapenko"]
[Black "Kislov_Oleg"]
[Result "0-1"]
[WhiteElo "2683"]
[BlackElo "2494"]
[TimeControl "180+1"]
[EndTime "11:09:06 PST"]
[Termination "Kislov_Oleg won by resignation"]

1. e4 c5 2. c3 e6 3. d4 d5 4.
exd5 exd5 5. Nf3 Nf6 6. g3 Nc6 7. Bg2 Be7 8. O-O O-O 9. dxc5 Bxc5 10. Bg5 d4 11. cxd4 Nxd4 12. Nc3 Bg4 13. Ne4 Nxf3+ 14. Bxf3 Qxd1 15. Rfxd1 Nxe4 16. Bxe4 Bxd1 17. Rxd1 f6 18. Bf4 Rad8 19. Rc1 Bd6 20. Be3 b6 21. Bf5 Be5 22. b3 g6 23. Be6+ Kg7 24. Rc4 Rfe8 25. Bg4 f5 26. Bf3 Re7 27. Rc6 Rd6 28. Rc4 Bf6 29. Kg2 h5 30. h4 Red7 31. Rc8 Rd8 32. Rc7+ R6d7 33. Rc4 Bd4 34. Bg5 Bf6 35. Be3 Re7 36. Rc6 Rd3 37. Rc2 Rc3 38. Rd2 Rcc7 39. Bf4 Rcd7 40. Rc2 Bd4 41. Rc8 Kh7 42. Rc2 Be5 43.
Bg5 Rc7 44. Rd2 Red7 45. Re2 Bg7 46. Re8 Rc2 47. a4 Rd3 48. Re6 Rxb3 49. Bc6 Rbb2 50. Be8 Rxf2+ 51. Kg1 Rg2+ 52. Kf1 Rbf2+ 53. Ke1 Bc3+ 0-1

[Event "*** Titled Tuesday Blitz"]
[Site "Chess.com"]
[Date "2021.02.09"]
[Round "6"]
[White "markowskitomasz"]
[Black "CM_rui"]
[Result "1-0"]
[WhiteElo "2601"]
[BlackElo "2350"]
[TimeControl "180+1"]
[EndTime "11:09:06 PST"]
[Termination "markowskitomasz won by checkmate"]

1. d4 Nf6 2. c4 e6 3. g3 Bb4+ 4. Bd2 Qe7 5. Nf3 O-O 6. Bg2 Bxd2+ 7. Qxd2 d6 8. O-O e5 9. Nc3 c6 10. e4 a5 11. Rfe1 Na6 12. Rad1 Bg4 13. h3 Bh5 14. b3 Rad8 15. Na4 exd4 16. Qxd4 Rfe8 17. g4 Bg6 18. Nd2 Nb4 19. Re2 Qe5 20. Nf3 Qxd4 21.
Nxd4 Bxe4 22. Bxe4 Rxe4 23. Rxe4 Nxe4 24. Nf5 g6 25. Ne3 Kg7 26. f3 Ng5 27. Kg2 Ne6 28.
a3 Na6 29. Kg3 Nac5 30. Nxc5 Nxc5 31. b4 axb4 32. axb4 Ne6 33. f4 Kf6 34. f5 Ng5 35. h4 Ne4+ 36. Kf4 Nc3 37. g5+ Kg7 38. f6+ Kf8 39.
Ra1 Re8 40. Ra7 Ne2+ 41. Kf3 Nd4+ 42. Kf2 b5 43. cxb5 Nxb5 44. Ng4 Re4 45. Nh6 Ke8 46.
Rxf7 Rxh4 47. Re7+ Kf8 48. Rxh7 Rf4+ 49. Kg3 Rxb4 50. Rh8# 1-0

[Event "*** Titled Tuesday Blitz"]
[Site "Chess.com"]
[Date "2021.02.09"]
[Round "6"]
[White "Nachsueb"]
[Black "MergenKakabaev"]
[Result "0-1"]
[WhiteElo "2183"]
[BlackElo "2397"]
[TimeControl "180+1"]
[EndTime "11:09:08 PST"]
[Termination "MergenKakabaev won on time"]

1. d4 d5 2. c4 c6 3. Nf3 Nf6 4. Nc3 e6 5. Bg5 dxc4 6. e4 b5 7. e5 h6 8. Bh4 g5 9. Nxg5 hxg5 10. Bxg5 Be7 11. exf6 Bxf6 12. Bxf6 Qxf6 13. Ne4 Qe7 14. Qf3 Nd7 15. Qg3 e5 16. O-O-O Kf8 17. dxe5 Nxe5 18. f4 Ng4 19. Ng5 Bf5 20. h3 Qe3+ 21.
Qxe3 Nxe3 22. Re1 Re8 23. Kd2 Nd5 24. Rxe8+ Kxe8 25. g3 f6 26. Nf3 Be4 27. Bg2 Kd8 28. Re1 Bxf3 29. Bxf3 Rxh3 30. Rg1 Kc7 31. Rg2 Nxf4 32.
gxf4 Rxf3 33. Rg7+ Kb6 34. Rg4 f5 35. Rh4 b4 36.
Ke2 Rg3 37. Kd2 Kb5 38. Rh5 Rg2+ 39. Kc1 c5 40. Rxf5 Rf2 41. Rf8 c3 42. b3 Rxa2 43. f5 Rf2 44. f6 c4 45. Rb8+ Kc5 46. Rc8+ Kd6 47. Rxc4 a5 0-1

[Event "*** Titled Tuesday Blitz"]
[Site "Chess.com"]
[Date "2021.02.09"]
[Round "6"]
[White "ErikRonka"]
[Black "Ekose"]
[Result "1-0"]
[WhiteElo "2459"]
[BlackElo "2594"]
[TimeControl "180+1"]
[EndTime "11:09:09 PST"]
[Termination "ErikRonka won on time"]

1. e4 e6 2. d4 d5 3. exd5 exd5 4. Nf3 Bg4 5. h3 Bh5 6. Qe2+ Qe7 7. Be3 Nf6 8. Nc3 c6 9. O-O-O Nbd7 10. g4 Bg6 11.
Ne5 O-O-O 12. Bg2 Ne8 13. Nxc6 bxc6 14. Qa6+ Kc7 15. Bf4+ Nd6 16. Bxd5 Nb8 17. Nb5+ Kd7 18. Qxa7+ Kc8 19. Nxd6+ Rxd6 20. Qxe7 Bxe7 21. Bxd6 Bxd6 22. Bb3 Bf4+ 23. Kb1 Be4 24. Rhe1 Bf3 25. Rd3 Bd5 26.
Bxd5 cxd5 27. Rf3 g5 28. b3 Kd7 29. c4 Nc6 30. Rd3 h5 31. a3 hxg4 32. hxg4 Rh2 33. Re2 Rh1+ 34. Ka2 Rc1 35. cxd5 Ne7 36. b4 Nxd5 37.
Kb3 Bd6 38. Rc2 Rb1+ 39. Ka4 Nf4 40. Rdc3 Nd5 41. Rc4 Nb6+ 42. Kb5 Nxc4 43. Rxc4 Rf1 44. a4 Rxf2 45. a5 Ra2 46. a6 f5 47. gxf5 g4 48.
Kb6 g3 49. a7 g2 50. Rc1 1-0

[Event "*** Titled Tuesday Blitz"]
[Site "Chess.com"]
[Date "2021.02.09"]
[Round "6"]
[White "esrosenberg"]
[Black "karinachess1"]
[Result "0-1"]
[WhiteElo "2074"]
[BlackElo "2520"]
[TimeControl "180+1"]
[EndTime "11:09:09 PST"]
[Termination "karinachess1 won by checkmate"]

1. Nf3 Nf6 2. c4 e6 3. Nc3 d5 4. d4 Bb4 5. Bg5 h6 6. Bd2 O-O 7. Qb3 Bxc3 8. Bxc3 Ne4 9. Bb4 c5 10. dxc5 Nc6 11. e3 a5 12. Bc3 Nxc5 13. Qc2 Nb4 14. Bxb4 axb4 15. cxd5 Qxd5 16. Bc4 Qh5 17. O-O Bd7 18. Nd4 Rfc8 19. Qd2 Ne4 20. Qxb4 Ra4 21. Qxb7 Nc5 22. Be2 Qe5 23. Qf3 Ne4 24. b3 Ra3 25. Rfc1 Rxc1+ 26. Rxc1 Rxa2 27. Bf1 g5 28. Rc2 Ra1 29.
g3 Kg7 30. Ne2 Bb5 31. Rc1 Bxe2 32. Qxe2 Rxc1 33. Kg2 Qd5 34. Qf3 Nd2 35. Qxd5 exd5 36. Bd3 Nxb3 37. Bf5 Nc5 38. g4 Kf6 39. Kg3 Ke5 40.
Kg2 f6 41. h4 d4 42. exd4+ Kxd4 43. Kf3 Rc3+ 44. Ke2 Ne4 45. hxg5 hxg5 46. f3 Ng3+ 47. Kd2 Nxf5 48. gxf5 Rxf3 49. Ke2 Rxf5 50. Ke1 g4 51. Ke2 g3 52. Ke1 g2 53. Ke2 g1=Q 54. Kd2 Rf2# 0-1

[Event "*** Titled Tuesday Blitz"]
[Site "Chess.com"]
[Date "2021.02.09"]
[Round "6"]
[White "sokidze"]
[Black "Anton_Demchenko"]
[Result "1/2-1/2"]
[WhiteElo "2518"]
[BlackElo "2840"]
[TimeControl "180+1"]
[EndTime "11:09:10 PST"]
[Termination "Game drawn by repetition"]

1. e4 e5 2. Nf3 Nc6 3. Bb5 a6 4. Ba4 d6 5. O-O Nf6 6. Re1 Bd7 7. Bxc6 Bxc6 8. d4 Be7 9. Nc3 exd4 10. Nxd4 Bd7 11. Qf3 O-O 12. Bg5 h6 13. Bh4 Re8 14. h3 b5 15. a3 Qc8 16. Nf5 Bxf5 17. exf5 c6 18. Re2 d5 19. Rae1 Qd7 20. g4 Bc5 21.
Bxf6 gxf6 22. Kg2 Bd6 23. Rxe8+ Rxe8 24. Rxe8+ Qxe8 25. Ne2 a5 26. Nd4 Bc5 27. c3 b4 28.
axb4 axb4 29. Qe3 Qxe3 30. fxe3 bxc3 31. bxc3 Bxd4 32. cxd4 Kf8 33. Kf3 Ke7 34. Kg3 Ke8 35. Kf4 Ke7 36. Kg3 Ke8 37. Kh4 Kf8 38. Kh5 Kg7 39. h4 Kh7 40. g5 hxg5 41. hxg5 Kg7 42. Kg4 fxg5 43. Kxg5 f6+ 44. Kf4 Kf7 45. Kg4 Kg7 46.
Kh5 Kh7 47. Kg4 Kg7 48. Kh5 Kh7 49. Kg4 Kg7 1/2-1/2

[Event "*** Titled Tuesday Blitz"]
[Site "Chess.com"]
[Date "2021.02.09"]
[Round "6"]
[White "vladgoncharov"]
[Black "vovachesss"]
[Result "0-1"]
[WhiteElo "2489"]
[BlackElo "2741"]
[TimeControl "180+1"]
[EndTime "11:09:10 PST"]
[Termination "vovachesss won on time"]

1. Nf3 g6 2. c4 Bg7 3. g3 b6 4.
Bg2 Bb7 5. O-O e5 6. Nc3 Ne7 7. d3 O-O 8. Rb1 d5 9. cxd5 Nxd5 10. Bd2 c5 11. a3 Nc6 12. b4 cxb4 13. Nxd5 Qxd5 14. axb4 Nd4 15. e4 Qd7 16. Nxd4 Qxd4 17. Be3 Qd7 18. Qb3 Rfd8 19. Rfd1 Rac8 20. b5 Rc7 21. h4 Bc8 22. Rbc1 Bf8 23. Rxc7 Qxc7 24. d4 exd4 25. Rxd4 Be6 26. Qa4 Rxd4 27. Bxd4 Bd7 28. Qb3 Be6 29. Qa4 Bd7 30. Qb3 Bc5 31. Bxc5 Be6 32. Qc3 bxc5 33. e5 c4 34. Bc6 Qb6 35. Kf1 Qc5 36. Qe3 Qe7 37. Qd4 h5 38. Kg2 Kg7 39. Kh2 Qb4 40. Qxa7 c3 41. b6 c2 42. b7 c1=Q 43. b8=Q Qbe1 44. f4 Qcd2+ 45. Bg2 Bd5 46. Qxf7+ Bxf7 47. Qb6 Qdf2 0-1

[Event "*** Titled Tuesday Blitz"]
[Site "Chess.com"]
[Date "2021.02.09"]
[Round "6"]
[White "sara_khm"]
[Black "Kotofeyca"]
[Result "1-0"]
[WhiteElo "2705"]
[BlackElo "2442"]
[TimeControl "180+1"]
[EndTime "11:09:11 PST"]
[Termination "sara_khm won on time"]

1. d4 d5 2. c4 c6 3. Nf3 Nf6 4. e3 a6 5. Nc3 Bg4 6. h3 Bxf3 7. Qxf3 e6 8. Bd3 Nbd7 9. cxd5 exd5 10. O-O Bd6 11.
b3 O-O 12. Bb2 Qe7 13. Rfe1 Rae8 14. Rac1 Ne4 15. Bxe4 dxe4 16. Qd1 Nb6 17. a4 Bb4 18. Rf1 Nd5 19. Nxd5 cxd5 20. Bc3 Rc8 21. Bb2 Qd7 22. Qh5 g6 23. Qg5 Kg7 24. Qe5+ f6 25. Qg3 Bd2 26.
Rcd1 Rc2 27. Bc1 Bb4 28. f3 Bd6 29. Qh4 exf3 30. Rxf3 f5 31. e4 Be7 32. Qh6+ Kg8 33. e5 Rfc8 34. Bg5 Rb2 35. Bxe7 Qxe7 36. Rdf1 Rcc2 37.
R1f2 Rxf2 38. Rxf2 Rxf2 39. Kxf2 Qb4 40. Qh4 Qxb3 41.
Qd8+ Kg7 42. Qf6+ Kh6 43. e6 Qc2+ 44. Kg1 Qc1+ 45. Kf2 Qd2+ 46. Kg3 Qe3+ 47. Kh2 Qf4+ 48. Kg1 Qc1+ 49. Kf2 Qd2+ 50. Kf3 Qd3+ 51. Kf4 Qd2+ 52. Ke5 Qe1+ 53. Kd6 Qb4+ 54. Kc7 1-0

[Event "*** Titled Tuesday Blitz"]
[Site "Chess.com"]
[Date "2021.02.09"]
[Round "6"]
[White "BvsN"]
[Black "CoachHakia"]
[Result "1-0"]
[WhiteElo "2342"]
[BlackElo "2144"]
[TimeControl "180+1"]
[EndTime "11:09:11 PST"]
[Termination "BvsN won on time"]

1. c4 e5 2. Nc3 Nf6 3. Nf3 Bc5 4. Nxe5 O-O 5. e3 Re8 6. d4 Bf8 7. Be2 d6 8. Nf3 Bg4 9. O-O Nc6 10. d5 Ne7 11. h3 Bh5 12. Nd4 Bg6 13. Bf3 a6 14. a4 Nd7 15. e4 Ne5 16. Be2 c5 17. Nc2 f5 18. f4 Nf7 19. Bd3 Qd7 20. Qf3 h6 21.
Bd2 fxe4 22. Bxe4 Bxe4 23. Nxe4 Nf5 24. Rfe1 Rac8 25. Bc3 Nh8 26. b3 Ng6 27. Qf2 b5 28. axb5 axb5 29. Re2 bxc4 30. bxc4 Nd4 31. Bxd4 cxd4 32.
Nxd4 Rxc4 33. Ne6 Rxe6 34. dxe6 Qxe6 35. f5 Qe5 36. Rf1 Ne7 37. Nd2 Qc5 38. Nxc4 Qxc4 39. Ree1 d5 40. Kh1 Nc6 41. f6 Qc3 42. fxg7 Qxg7 43.
Qc2 Nd4 44. Qd3 Nc6 45. Qxd5+ Kh7 46. Rf7 Ne7 47. Rxg7+ Kxg7 48. Qd7 Kf7 49. g4 Bg7 50. Rxe7+ 1-0

[Event "*** Titled Tuesday Blitz"]
[Site "Chess.com"]
[Date "2021.02.09"]
[Round "6"]
[White "ketster"]
[Black "sopo-tereladze"]
[Result "1-0"]
[WhiteElo "2449"]
[BlackElo "2281"]
[TimeControl "180+1"]
[EndTime "11:09:13 PST"]
[Termination "ketster won by checkmate"]

1. d4 Nf6 2. c4 e6 3. g3 Be7 4. Bg2 d5 5. Nf3 O-O 6. Qc2 dxc4 7. O-O b5 8. Ne5 Nd5 9. a4 c6 10. Nc3 b4 11. Ne4 Ba6 12. Nxc4 Nd7 13. b3 Rc8 14. Ned6 Rc7 15. Bb2 N7b6 16. Nxb6 axb6 17. Nc4 Bf6 18. Rad1 b5 19. Ne5 bxa4 20. bxa4 Bxe5 21. dxe5 Qc8 22. Qc5 Bxe2 23. Rc1 Bxf1 24. Bxf1 Rd8 25. Bg2 h6 26. h4 Qa6 27. Ra1 Qe2 28. Bd4 Ne7 29. a5 Nf5 30. Qb6 Rcd7 31. Bc5 b3 32. Qxb3 Rd1+ 33. Rxd1 Rxd1+ 34. Kh2 Rd2 35. Qb8+ Kh7 36. Qb7 Kg6 37. Qxc6 Qe1 38. a6 Rd1 39. a7 Qg1+ 40. Kh3 h5 41. a8=Q Nxg3 42. Kxg3 Rd2 43. Qf3 Rd3 44. Qe4+ f5 45. exf6+ Kf7 46. Qexd3 gxf6 47. Qd7+ Kg6 48. Qxe6 Kg7 49. Qexf6+ Kh7 50. Qf7+ Kh6 51. Q3f6# 1-0

[Event "*** Titled Tuesday Blitz"]
[Site "Chess.com"]
[Date "2021.02.09"]
[Round "6"]
[White "soumeow"]
[Black "InitiatingASC"]
[Result "0-1"]
[WhiteElo "2233"]
[BlackElo "2413"]
[TimeControl "180+1"]
[EndTime "11:09:13 PST"]
[Termination "InitiatingASC won on time"]

1. d4 Nf6 2. c4 e6 3. Nf3 d5 4. g3 c5 5. cxd5 exd5 6. Bg2 Nc6 7.
Nc3 Be7 8. O-O O-O 9. dxc5 Bxc5 10. Bg5 Be7 11. Rc1 Be6 12. b3 Ne4 13. Bxe7 Nxe7 14. Nxe4 dxe4 15. Qxd8 Rfxd8 16. Ng5 e3 17. Nxe6 fxe6 18.
Bxb7 Rab8 19. Rc7 Nf5 20. fxe3 Nxe3 21. Rf3 Rd1+ 22. Kf2 Ng4+ 23. Kg2 Nf6 24. e4 Rf8 25. Bc8 Rd2+ 26. Kh3 e5 27. Be6+ Kh8 28. Rxa7 h5 29. Rf5 Re8 30. Bf7 Rc8 31. Bxh5 Rcc2 32. Rxf6 gxf6 33.
Kg4 Rxa2 34. Rf7 Rf2 35. h4 Kg8 36. Rb7 Rae2 37. Bf7+ Kf8 38. Bd5 Re3 39. h5 Rg2 40. Rf7+ Ke8 41. Rxf6 Rexg3+ 42. Kf5 Rg5+ 43. Ke6 Rxh5 44.
Kd6 Rd2 45. b4 Rh7 46. Re6+ Kd8 47. Rxe5 Rd7+ 48. Kc6 Rc2+ 49. Kb6 Rdc7 50. b5 Kd7 0-1

[Event "*** Titled Tuesday Blitz"]
[Site "Chess.com"]
[Date "2021.02.09"]
[Round "6"]
[White "kekic76"]
[Black "MVM2008"]
[Result "1-0"]
[WhiteElo "2377"]
[BlackElo "2122"]
[TimeControl "180+1"]
[EndTime "11:09:16 PST"]
[Termination "kekic76 won on time"]

1. e4 Nf6 2. Nc3 e5 3. Bc4 c6 4. Qf3 b5 5. Bb3 a5 6. a4 b4 7. Nd1 Na6 8. d3 Nc5 9. Bc4 d5 10. exd5 cxd5 11. Bb5+ Bd7 12. Bxd7+ Qxd7 13. b3 Bd6 14.
Bg5 e4 15. Qe2 Qf5 16. Bxf6 Qxf6 17. Rb1 O-O 18. Ne3 exd3 19. cxd3 Rfe8 20. d4 Qxd4 21. Kf1 Qe4 22. Qd1 d4 23. Nc4 Bc7 24. Nf3 Rad8 25. g3 d3 26. Kg2 Qe2 27. Re1 Qxd1 28. Rexd1 Ne4 29. Rb2 Nc3 30. Rdd2 Re2 31. Ng1 Rxd2 32. Rxd2 Ne4 33. Rd1 d2 34. Nf3 Rd3 35. Ncxd2 Nxd2 36. Rxd2 Rxd2 37. Nxd2 Kf8 38. Kf3 Ke7 39. Ke4 Ke6 40.
Nc4 Bd8 41. g4 f6 42. f4 g6 43. f5+ gxf5+ 44. gxf5+ Kd7 45. Kd5 Bc7 46. h3 h5 47. Nd2 h4 48. Ne4 Be5 49. Nc5+ Kc7 50. Ke6 Kc6 51. Nd7 Bd4 52. Nxf6 Kc5 53. Ne4+ Kc6 54.
f6 1-0

[Event "*** Titled Tuesday Blitz"]
[Site "Chess.com"]
[Date "2021.02.09"]
[Round "6"]
[White "TimofeevAr"]
[Black "1977Ivan"]
[Result "1-0"]
[WhiteElo "2868"]
[BlackElo "2677"]
[TimeControl "180+1"]
[EndTime "11:09:17 PST"]
[Termination "TimofeevAr won on time"]

1. c4 e6 2. Nf3 c5 3. Nc3 Nc6 4. e4 e5 5. d3 d6 6. a3 Be7 7.
Rb1 a5 8. Be2 f5 9. exf5 Bxf5 10. O-O Nf6 11. Ng5 O-O 12. Bf3 Nd4 13. Bxb7 Rb8 14.
Be4 Bg4 15. f3 Bd7 16. Nd5 Kh8 17. Nxe7 Qxe7 18. f4 h6 19. Nf3 Nxe4 20. dxe4 Bg4 21. f5 Qf6 22. Be3 Bxf3 23. gxf3 g6 24. f4 gxf5 25.
Qh5 Rg8+ 26. Kh1 Rb7 27. fxe5 Qxe5 28. Bxd4 cxd4 29. Qxf5 Rb3 30. Qf6+ Kh7 31. Qf5+ Rg6 32. Rg1 Qxf5 33. exf5 Rf6 34. Rgf1 d3 35. Kg2 h5 36.
Rf2 Kh6 37. Kg3 Kg5 38. h4+ Kh6 39. Kf4 Rf8 40. Ke4 Re8+ 41. Kd4 Kg7 42. f6+ Kf7 43. Rd1 Re2 44. Rf3 Rbxb2 45. Rdxd3 Rbd2 46. Kd5 Rxd3+ 47.
Rxd3 Kxf6 48. Kxd6 Re4 49. c5 Rxh4 50. c6 Rc4 51. c7 Kg5 52. Rd5+ Kg4 53. Rc5 Rd4+ 54. Kc6 1-0

[Event "*** Titled Tuesday Blitz"]
[Site "Chess.com"]
[Date "2021.02.09"]
[Round "6"]
[White "malakismayil"]
[Black "dukicz123"]
[Result "1/2-1/2"]
[WhiteElo "2378"]
[BlackElo "2549"]
[TimeControl "180+1"]
[EndTime "11:09:17 PST"]
[Termination "Game drawn by repetition"]

1. e4 e5 2. Nf3 Nc6 3. Bc4 Nf6 4. d3 Bc5 5. Nc3 O-O 6. O-O h6 7. h3 a6 8. Be3 d6 9. Qd2 Re8 10. Rad1 Be6 11. Rfe1 Qd7 12. Kh2 Rad8 13. Bd5 Bxd5 14. Nxd5 Nxd5 15. exd5 Ne7 16. c4 Bxe3 17. fxe3 c6 18.
e4 cxd5 19. cxd5 Ng6 20. Ng1 f5 21. Qe2 Rf8 22. Rf1 fxe4 23. dxe4 Qa4 24. a3 Nf4 25. Qe3 Rc8 26. Ne2 Nxe2 27. Qxe2 Qc2 28. Qg4 Qc7 29. Qe6+ Kh8 30. Qg6 Qe7 31. Kg1 Rce8 32.
Qh5 Rc8 33. Qg6 Rcd8 34. Qe6 Qxe6 35. dxe6 Rfe8 36. Rf7 Rxe6 37. Rxb7 d5 38. exd5 Red6 39. Re7 Rxd5 40. Re1 a5 41. R7xe5 a4 42. Rxd5 Rxd5 43. Re4 Ra5 44. Rb4 Kh7 45. Kf2 Kg6 46. Ke3 Kg5 47.
g3 g6 48. Kf3 h5 49. h4+ Kf5 50. Rf4+ Ke5 51. Rb4 Kf5 52. Ke3 Ke5 53. Re4+ Kf5 54.
Rb4 Ke5 55. Kd3 Kf5 56. Ke3 1/2-1/2

[Event "*** Titled Tuesday Blitz"]
[Site "Chess.com"]
[Date "2021.02.09"]
[Round "6"]
[White "Nils_03"]
[Black "dragos420"]
[Result "1-0"]
[WhiteElo "2354"]
[BlackElo "2477"]
[TimeControl "180+1"]
[EndTime "11:09:17 PST"]
[Termination "Nils_03 won by checkmate"]

1. e4 e5 2. Nf3 Nc6 3. d4 exd4 4. Nxd4 Nf6 5. Nc3 Bb4 6. Nxc6 bxc6 7. Bd3 d5 8. exd5 O-O 9. O-O cxd5 10. Qf3 c6 11. Bg5 h6 12. Bxf6 Qxf6 13. Qxf6 gxf6 14. Ne2 Rb8 15.
b3 Bd7 16. Ng3 Bc3 17. Rad1 Rfe8 18. Bf5 Rbd8 19. Bxd7 Rxd7 20. Rd3 Be5 21. Nf5 Kh7 22. h4 Rg8 23. c4 d4 24. c5 Rg4 25. f3 Rf4 26. g4 h5 27. Ne3 dxe3 28. Rxd7 hxg4 29. fxg4 Rxg4+ 30. Kh1 Re4 31. Re1 Kg6 32. Kg2 f5 33. Kf3 Rf4+ 34. Kxe3 Re4+ 35. Kd2 Bc3+ 36. Kxc3 Rxe1 37.
Rd6+ Kh5 38. Rxc6 f4 39. Rf6 Kg4 40. Kd2 Re7 41. h5 Kg5 42. Rd6 Kxh5 43. c6 Rc7 44. Ke2 Kg4 45. Kf2 f5 46. b4 Kg5 47. a4 Rc8 48. b5 Rh8 49. c7 Rc8 50. Rc6 Kg4 51.
a5 Rh8 52. c8=Q Rh2+ 53. Kg1 Ra2 54. Rg6+ Kf3 55. Qc3+ Ke4 56. Qc4+ Ke5 57. Qxa2 f3 58. Qe6+ Kf4 59. Rf6 f2+ 60. Kxf2 a6 61. Qxf5# 1-0

[Event "*** Titled Tuesday Blitz"]
[Site "Chess.com"]
[Date "2021.02.09"]
[Round "6"]
[White "jens1102"]
[Black "MPGM"]
[Result "0-1"]
[WhiteElo "2456"]
[BlackElo "2618"]
[TimeControl "180+1"]
[EndTime "11:09:20 PST"]
[Termination "MPGM won by checkmate"]

1. e4 e5 2. Nf3 Nc6 3. Bc4 Bc5 4. c3 Nf6 5. d3 O-O 6. O-O a6 7. b4 Ba7 8. a4 d6 9. Be3 Bxe3 10. fxe3 d5 11.
exd5 Nxd5 12. Qe2 Be6 13. Bxd5 Bxd5 14. e4 Be6 15. Nbd2 Qd6 16. Ng5 Rad8 17. Nxe6 Qxe6 18. Nc4 Ne7 19. Qe3 Ng6 20. Rf5 f6 21. Rd1 Nf4 22.
Rxf4 exf4 23. Qxf4 c6 24. Rd2 Rf7 25. Qe3 Rfd7 26.
h3 b5 27. Nb6 Re7 28. a5 f5 29.
Re2 fxe4 30. dxe4 Rd1+ 31. Kh2 Qe5+ 32. g3 Rf7 33. Nc8 Qf6 34. Nb6 Qf1 35. g4 Qh1+ 36.
Kg3 Rg1+ 37. Kh4 h6 38. Qd4 g5+ 39. Kh5 Qxh3+ 40. Kg6 Rgf1 41. Qd8+ Rf8 42. Qe7 R1f7 43. Qe6 Qf3 44. Rd2 Qf6+ 45. Qxf6 Rxf6+ 46. Kh5 Kg7 47.
Nd7 Rf1 48. Rh2 R8f2 49. Rh3 Rf3 50. Rh2 Rxc3 51. Ne5 Rcc1 52. Ng6 Rh1 53. Nh4 Rxh2 54. e5 Rxh4# 0-1

[Event "*** Titled Tuesday Blitz"]
[Site "Chess.com"]
[Date "2021.02.09"]
[Round "6"]
[White "Kaliopa"]
[Black "dosto07"]
[Result "1-0"]
[WhiteElo "2195"]
[BlackElo "2384"]
[TimeControl "180+1"]
[EndTime "11:09:20 PST"]
[Termination "Kaliopa won on time"]

1. e4 e5 2. Nf3 Nc6 3. Nc3 Nf6 4.
Bb5 Bb4 5. O-O O-O 6. d3 d6 7. Ne2 Ne7 8. c3 Ba5 9. Ng3 c6 10. Ba4 Ng6 11. d4 Bb6 12. h3 h6 13. Bc2 Re8 14.
Re1 Nh7 15. Nf5 Be6 16. Be3 Ng5 17. Nxg5 hxg5 18. Qg4 f6 19. Bb3 Qd7 20. Rad1 Rad8 21. dxe5 Nxe5 22. Qg3 d5 23. exd5 cxd5 24. Bxb6 axb6 25.
Nd4 Bf7 26. Nf3 Nxf3+ 27. Qxf3 Rxe1+ 28. Rxe1 Re8 29. Re3 Re5 30. Rxe5 fxe5 31. Qe3 Qe7 32. Qxb6 e4 33. Qd4 Qe6 34. a4 Kh8 35. a5 Qf5 36.
Bd1 Qf4 37. Qe3 Qf6 38. b4 Be6 39. Qd4 Qf4 40. Qe3 Qf6 41. Bg4 Bf7 42. g3 Qe5 43.
Qd4 Qc7 44. Kg2 Qe7 45. Be2 Qd7 46. a6 bxa6 47. Bxa6 Be6 48. g4 Qf7 49. Be2 Qf4 50.
Qe3 Qe5 51. b5 Bc8 52. b6 Qd6 53. Qd4 Bb7 54. c4 Qb4 55. Qe5 dxc4 56. Qe8+ 1-0

[Event "*** Titled Tuesday Blitz"]
[Site "Chess.com"]
[Date "2021.02.09"]
[Round "6"]
[White "Alexander_Moskalenko"]
[Black "dozer80"]
[Result "1-0"]
[WhiteElo "2790"]
[BlackElo "2610"]
[TimeControl "180+1"]
[EndTime "11:09:21 PST"]
[Termination "Alexander_Moskalenko won by resignation"]

1. d4 d5 2. Bg5 Nf6 3. Bxf6 exf6 4. e3 c6 5. Nd2 Bd6 6. Bd3 O-O 7. Qf3 Nd7 8. g4 Re8 9. h4 Nf8 10. Ne2 c5 11. dxc5 Bxc5 12. O-O-O Be6 13. Nb3 Bd6 14. Nbd4 Ng6 15. Bxg6 hxg6 16. h5 g5 17. Nf5 Be5 18. h6 g6 19. Ng7 Qa5 20. Kb1 d4 21. Nxe6 Rxe6 22. Nxd4 Ra6 23. a3 Rb6 24. Nb3 Qa4 25. Rd3 Kh7 26. Qd5 Rf8 27. Qc5 Re8 28. Qd5 Rf8 29.
f3 Qe8 30. Qd7 a5 31. Qxe8 Rxe8 32. a4 Rb4 33. Rd7 Rf8 34. Rhd1 b6 35. Rb7 Kxh6 36.
Rdd7 Kg7 37. Kc1 Rxa4 38. Rxb6 Ra2 39. Nd4 Rc8 40. Rbb7 Bxd4 41. exd4 Rf8 42. c4 Ra1+ 43. Kc2 Rf1 44. c5 Rf2+ 45. Kb1 Rxf3 46. c6 Rd3 47. Rxf7+ Rxf7 48. Rxf7+ Kxf7 49. c7 Rd1+ 50. Kc2 Rxd4 51. c8=Q Rd6 52. Qc7+ Ke6 53. Qxa5 f5 54.
Qc5 Kd7 55. gxf5 Rc6 56. Qxc6+ Kxc6 57. fxg6 g4 58. g7 g3 59. g8=Q g2 60. Qxg2+ 1-0

[Event "*** Titled Tuesday Blitz"]
[Site "Chess.com"]
[Date "2021.02.09"]
[Round "6"]
[White "oneshot007"]
[Black "bascheyaro"]
[Result "1-0"]
[WhiteElo "2562"]
[BlackElo "2734"]
[TimeControl "180+1"]
[EndTime "11:09:21 PST"]
[Termination "oneshot007 won by checkmate"]

1. e4 e6 2. d4 d5 3. Nc3 Bb4 4. e5 Ne7 5. h4 b6 6. h5 h6 7.
Qg4 Nf5 8. Bd3 Kf8 9. Nf3 c5 10. a3 Bxc3+ 11. bxc3 Qd7 12. a4 Ba6 13. Ba3 Bxd3 14.
cxd3 Qc7 15. O-O Kg8 16. c4 dxc4 17. Rfc1 Nc6 18. Rxc4 Rd8 19. Rac1 Qb8 20. dxc5 Nxe5 21. Nxe5 Qxe5 22. c6 Kh7 23. Qe4 f6 24. g4 Qxe4 25.
dxe4 Nh4 26. c7 Rc8 27. R4c3 g6 28. Rh3 g5 29. Rd3 Rhg8 30. Be7 f5 31. Rd7 Nf3+ 32. Kg2 Ne5 33. Rd6 Nxg4 34. Rxe6 fxe4 35. Kg3 e3 36. fxe3 Rge8 37. Kxg4 Kg7 38. Kf5 Kf7 39. Rxh6 Kxe7 40. Re6+ Kf7 41. Rxe8 Kxe8 42. Kxg5 Kd7 43. h6 Rg8+ 44. Kf6 Kc8 45. h7 Rh8 46. Kg7 Rxh7+ 47.
Kxh7 a6 48. Kg7 b5 49. axb5 axb5 50. e4 b4 51. e5 b3 52. e6 b2 53. Rb1 Kxc7 54. e7 Kd6 55. Kf7 Kc5 56. e8=Q Kd4 57. Qb5 Kc3 58. Qxb2+ Kc4 59. Qc2+ Kd5 60. Rd1+ Ke5 61.
Qe2+ Kf4 62. Rf1+ Kg3 63. Qf2+ Kh3 64. Rh1+ Kg4 65. Rg1+ Kh5 66. Qh2# 1-0

[Event "*** Titled Tuesday Blitz"]
[Site "Chess.com"]
[Date "2021.02.09"]
[Round "6"]
[White "Grimlock_Glasgow"]
[Black "VFernandezB"]
[Result "1/2-1/2"]
[WhiteElo "2474"]
[BlackElo "2313"]
[TimeControl "180+1"]
[EndTime "11:09:21 PST"]
[Termination "Game drawn - insufficient material"]

1. e4 c5 2. Nc3 d6 3. d4 cxd4 4. Qxd4 Nc6 5. Qd2 g6 6. b3 Bg7 7.
Bb2 Nf6 8. O-O-O O-O 9. f3 Qa5 10. Kb1 Rd8 11. h4 Be6 12. Nge2 d5 13. Nxd5 Qxd2 14. Rxd2 Nxd5 15. exd5 Bxd5 16. Nf4 Bxb2 17. Kxb2 Be6 18. Rxd8+ Nxd8 19. Nxe6 Nxe6 20. Bc4 Nf4 21. g3 Nh5 22. g4 Nf4 23. Rd1 a6 24. a4 Kf8 25. Rd7 Rb8 26. a5 Ng2 27. h5 gxh5 28. gxh5 h6 29. Ka3 Nf4 30. Rd4 Nxh5 31. Rh4 Nf6 32.
Rxh6 Kg7 33. Rh2 b6 34. axb6 Rxb6 35. Bd3 Nd5 36. Rh7+ Kf6 37. Rh6+ Ke5 38. Rxb6 Nxb6 39. Bxa6 Kd4 40. c4 e5 41. Bb7 f5 42. Kb4 e4 43.
fxe4 fxe4 44. Bxe4 Kxe4 45. Kc5 Nd7+ 46. Kd6 Ne5 47.
c5 Kd4 48. b4 Nc4+ 49. Kc6 Ne5+ 50. Kb6 Kc4 51. b5 Kd5 52. c6 Nc4+ 53. Kc7 Kc5 54.
Kd8 Kxb5 55. c7 Nb6 56. c8=Q Nxc8 1/2-1/2